 Dungeon Crawl Stone Soup version 0.31.0-4-g52a2dc7128 (webtiles) character file.

Game seed: 6025946937955200598

649 Persephone the Changeling (level 7, -2/61 HPs)
             Began as a Troll Shapeshifter on Jan 22, 2024.
             Was a Follower of Okawaru.
             Succumbed to a kobold brigand's poison
             ... while paralysed by Grinder
             ... on level 6 of the Dungeon.
             The game lasted 00:06:51 (3227 turns).

Persephone the Changeling (Troll Shapeshifter)      Turns: 3227, Time: 00:06:51

Health: -2/61      AC:  4    Str: 25    XL:     7   Next: 28%
Magic:  6/6        EV:  1    Int:  6    God:    Okawaru [*.....]
Gold:   241        SH:  0    Dex:  9    Spells: 6/6 levels left

rFire   . .          .
                       - Unarmed
rCold   . . .        (no shield)
rNeg    . . .        a - +0 animal skin
rPois   .            B - melded +2 hat
rElec   .            q - melded scarf {shadows}
rCorr   .            (gloves unavailable)
SInv    .            (boots unavailable)
Will    .....        (no amulet)
Stlth   +            (no ring)
HPRegen 1.10/turn    (no ring)
MPRegen 0.10/turn

%: no passive effects
@: paralysed, lethally poisoned (-2 -> -14), beast-form, studying Ranged Weapons
A: beast (slay +3), large, unfitting armour, claws 3, regeneration 1, shaggy fur
1, tough skin 1
a: Begin Untransformation, Renounce Religion, Heroism


You were on level 6 of the Dungeon.
You worshipped Okawaru.
Okawaru was aware of your devotion.
You were a hulking beast.
You visited 2 branches of the dungeon, and saw 7 of its levels.

You collected 241 gold pieces.

Inventory:

Armour
 a - a +0 animal skin (worn)
 q - a scarf of shadows (melded)
 B - a +2 hat (melded)
Jewellery
 y - an amulet of regeneration
 D - a ring of protection from cold
Talismans
 c - a beast talisman (active)
 d - a flux talisman
Scrolls
 g - a scroll of amnesia
 i - a scroll of noise
 j - 2 scrolls of summoning
 l - 3 scrolls of immolation
 m - a scroll of teleportation {unknown}
 o - a scroll of enchant weapon {unknown}
 s - 2 scrolls of revelation {unknown}
 v - a scroll of poison {unknown}
 x - a scroll of blinking {unknown}
 C - a scroll of torment {unknown}
Potions
 b - 2 potions of lignification
 e - a potion of cancellation {unknown}
 f - a potion of brilliance {unknown}
 h - a potion of berserk rage {unknown}
 k - 3 potions of curing {unknown}
 n - 3 potions of heal wounds {unknown}
 p - a potion of attraction {unknown}
 r - a potion of haste {unknown}
 t - a potion of degeneration {unknown}
 u - a potion of resistance {unknown}
 w - a potion of enlightenment {unknown}
 z - a potion of ambrosia {unknown}
 A - 2 potions of might {unknown}


   Skills:
 - Level 0.7 Fighting
 - Level 1.5 Dodging
 + Level 5.4 Unarmed Combat
 * Level 6.6 Shapeshifting


You had 6 spell levels left.
You didn't know any spells.
Your spell library contained the following spells:

 Spells                   Type           Power      Damage    Failure   Level
 Blink                    Tloc           0%         N/A       58%         2
 Ensorcelled Hibernation  Hex/Ice        0%         N/A       58%         2
 Lesser Beckoning         Tloc           0%         N/A       58%         2
 Momentum Strike          Conj/Tloc      0%         3d8       58%         2
 Ozocubu's Armour         Ice            0%         N/A       83%         3
 Passwall                 Erth           0%         N/A       83%         3
 Swiftness                Air            0%         N/A       83%         3
 Metabolic Englaciation   Hex/Ice        0%         N/A       100%        5
 Sculpt Simulacrum        Ice/Alch       Unusable   N/A       N/A         6

Dungeon Overview and Level Annotations

Branches:
Dungeon (6/15)             Temple (1/1) D:4

Altars:
Ashenzari
Cheibriados
Elyvilon
Gozag
Hepliaklqana
Kikubaaqudgha
Okawaru
Qazlal
Ru
Sif Muna
Trog
Uskayaw
Vehumet
Xom
Yredelemnul

Shops:
D:1 [

Annotations:
D:4 1 runed translucent door
D:6 Grinder


Innate Abilities, Weirdness & Mutations

You are a hulking beast.
Your limbs bulge with bestial killing power. (Slay +3)
You are too large for most types of armour.
You have claws for hands.
Your natural rate of healing is unusually fast.
You are covered in fur. (AC +1)
You have tough skin. (AC +1)


Message History

You closely miss Grinder. Grinder gestures at you.
You suddenly lose the ability to move!
Grinder gestures at you. You resist with significant effort. Grinder hits you!
You writhe in agony.
Grinder blinks!
Grinder blinks!
You can move again.
The kobold brigand attacks as it pursues you!
The kobold brigand hits you with a +0 dagger.
The kobold brigand throws a poisoned dart.
The poisoned dart hits you!
You are poisoned.
You feel very sick.
The kobold brigand throws a poisoned dart.
The poisoned dart misses you.
The poisoned dart barely misses Grinder.
Grinder hits you!
You writhe in agony.
You closely miss Grinder.
You feel sick.
The kobold brigand throws a poisoned dart.
The poisoned dart hits you!
You are more poisoned.
Grinder hits you!
* * * LOW HITPOINT WARNING * * *
You writhe in agony.
* * * LOW HITPOINT WARNING * * *
You closely miss Grinder.
* * * LOW HITPOINT WARNING * * *
You feel very sick. Grinder gestures at you.
You suddenly lose the ability to move!
* * * LOW HITPOINT WARNING * * *
You feel very sick.
The kobold brigand throws a poisoned dart.
The poisoned dart hits you!
You are more poisoned.
Grinder gestures at you. You resist with significant effort.
You die...

###.# ###...#)..## ####...#
###...#####...
#......####...#...#####.
#####.....###...#####...####
.....%..K.KK..#.# ###...##
..........#K###.# ###...
....K.....#K# #.# ###.
......#####.# #.# ## .>....
#h# #.# ...... #5# #.# .....
#.# #.# ..... #.# #.# #.#
#.# #.# #.# ## #.# #.# ###.
#.###.# ###... #...#.#
###...##


You could see Grinder, a kobold brigand and 3 kobolds.

Vanquished Creatures
  An ice beast (D:6)
  A scorpion (D:4)
  3 wights (D:6)
  A bombardier beetle (D:3)
  A human skeleton (D:4)
  3 orc priests
  An iguana (D:5)
  2 orc wizards
  3 adders
  2 ufetubi (D:6)
  A dart slug (D:3)
  3 ribbon worms
  11 orcs
  13 ball pythons
  10 endoplasms
  3 giant cockroaches
  7 goblins
  6 hobgoblins
  4 kobolds
  4 quokkas
  9 bats
  5 frilled lizards
  2 jackal skeletons (D:4)
  4 rats
100 creatures vanquished.

Notes
Turn   | Place    | Note
-------+----------+-------------------------------------------
     0 | D:1      | Persephone the Troll Shapeshifter began the quest for the
                  | Orb.
     0 | D:1      | Reached XP level 1. HP: 18/18 MP: 0/0
    86 | D:1      | Found Yliraryq's Armour Boutique.
   131 | D:1      | Reached XP level 2. HP: 26/26 MP: 1/1
   459 | D:1      | Reached XP level 3. HP: 32/32 MP: 2/2
   777 | D:2      | Reached skill level 4 in Shapeshifting
  1181 | D:3      | Reached XP level 4. HP: 37/40 MP: 3/3
  1346 | D:3      | Reached XP level 5. HP: 32/46 MP: 4/4
  1455 | D:3      | Reached skill level 5 in Shapeshifting
  1997 | D:4      | Found a stormy altar of Qazlal.
  2088 | D:4      | Found a staircase to the Ecumenical Temple.
  2121 | Temple   | Entered the Ecumenical Temple
  2137 | Temple   | Became a worshipper of Warmaster Okawaru
  2153 | D:4      | Found a runed translucent door.
  2153 | D:4      | Noticed a human
  2161 | D:4      | Found a basalt altar of Yredelemnul.
  2262 | D:4      | Reached XP level 6. HP: 44/54 MP: 5/5
  2531 | D:5      | Entered Level 5 of the Dungeon
  2729 | D:5      | Found a bloodstained altar of Trog.
  3087 | D:6      | Reached skill level 5 in Unarmed Combat
  3087 | D:6      | Reached skill level 6 in Shapeshifting
  3089 | D:6      | Reached * piety under Okawaru
  3092 | D:6      | Reached XP level 7. HP: 46/61 MP: 6/6
  3204 | D:6      | Noticed Grinder
  3216 | D:6      | Paralysed by Grinder for 4 turns
  3225 | D:6      | Paralysed by Grinder for 5 turns
  3226 | D:6      | HP: 2/61 [poisoned by a kobold brigand]
  3227 | D:6      | Succumbed to a kobold brigand's poison

Illustrated notes

Levels and vault maps discovered:
D:1:      tarquinn_simple_flora_water_f, layout_loops_cross, serial_shops, shop,
          minivault_27
D:2:      layout_rooms, kennysheep_minor_cross
D:3:      layout_basic, serial_glass, glass_columns_b, glass_columns_a
D:4:      layout_rooms, dk_yredelemnul_ordeal, grunt_qazlal_clouds,
          minmay_temple_entry_steel_oval
D:5:      nicolae_cairo_tiling_large, layout_cave_pools,
          mainiacjoe_overflow_boulevard
D:6:      layout_rooms, lemuel_doored_altar,
          lightli_ossuary_entry_decrepit_ruins, nicolae_benzene_ring,
          uniq_grinder
Temple:   hellmonk_temple_two_chambers

Skill      XL: |  1  2  3  4  5  6 |
---------------+-------------------+-----
Shapeshifting  | 4 5 6 |  6.6
Unarmed Combat | 4 5 |  5.4
Fighting       | |  0.7
Dodging        | |  1.5

Action                     |  1- 3 |  4- 6 |  7- 9 || total
---------------------------+-------+-------+-------++-------
  Melee: Unarmed           |    89 |   105 |    13 ||   207
         Punch             |     1 |     2 |       ||     3
Ability: Begin Untransform |     1 |     1 |       ||     2
    Use: Scroll            |     2 |     2 |       ||     4
   Stab: Sleeping          |     2 |       |       ||     2
 Armour: Animal skin       |    47 |    78 |    10 ||   135
  Dodge: Dodged            |    35 |    42 |     4 ||    81
   Form: Beast             |     1 |     1 |       ||     2
